 Dungeon Crawl Stone Soup version 0.25-a0-577-ga4619f409e (webtiles) character file.

Game seed: 5644883472276684576, levelgen mode: deterministic

224 Flugslaktarn the Chopper (level 5, 28/49 HPs)
             Began as a Deep Dwarf Fighter on Mar 2, 2020.
             Quit the game on level 3 of the Dungeon.
             The game lasted 00:00:35 (362 turns).

Flugslaktarn the Chopper (Deep Dwarf Fighter)        Turns: 362, Time: 00:00:36

Health: 28/49      AC:  7    Str: 21    XL:     5   Next: 67%
Magic:  2/2        EV:  7    Int:  8    God:
Gold:   49         SH:  9    Dex: 12    Spells: 4/4 levels left

rFire    . . .     SeeInvis .   a - +0 war axe
rCold    . . .     Gourm    .   c - +0 kite shield
rNeg     . . .     Faith    .   b - +0 scale mail
rPois    .         Spirit   .   (no helmet)
rElec    .         Reflect  .   (no cloak)
rCorr    .         Harm     .   (no gloves)
MR       .....                  (no boots)
Stlth    ..........             (no amulet)
HPRegen  0.00/turn              (no ring)
MPRegen  0.08/turn              (no ring)

@: mildly poisoned (28 -> 28), non-regenerating
A: damage resistance, heal wounds, sense surroundings 1, no regeneration
a: Heal Wounds


You were on level 3 of the Dungeon.
You were not hungry.

You visited 1 branch of the dungeon, and saw 4 of its levels.

You collected 49 gold pieces.

Inventory:

Hand Weapons
 a - a +0 war axe (weapon)
Armour
 b - a +0 scale mail (worn)
 c - a +0 kite shield (worn)
Jewellery
 g - an uncursed ring of ice {unknown}
   (You found it on level 1 of the Dungeon)
Scrolls
 f - a scroll of amnesia {unknown}
 h - a scroll of teleportation {unknown}
 j - a scroll of remove curse {unknown}
Potions
 d - a potion of might
Comestibles
 e - a ration
 i - 20 chunks of flesh


   Skills:
 + Level 3.5 Fighting
 * Level 4.4 Axes
 + Level 4.3 Armour
 + Level 4.3 Shields


You had 4 spell levels left.
You didn't know any spells.
Your spell library was empty.

Dungeon Overview and Level Annotations

Branches:
Dungeon (4/15)
 Temple: D:4-7

Altars:
Dithmenos
Fedhas
Nemelex Xobeh
Trog

Annotations:
D:4 Dowan, Duvessa


Innate Abilities, Weirdness & Mutations

You are resistant to damage.
You can heal yourself by infusing magical energy.
You passively map a small area around you.
You do not regenerate.


Message History

The centaur is almost dead.
You hit the orc but do no damage.
The centaur hits you but does no damage.
You block the orc's attack. The centaur hits you.
You slash the centaur!
You kill the centaur!
You hit the orc.
You kill the orc!
No target in view!
No target in view!
No target in view!
No target in view!
No target in view!
No target in view!
No target in view!
No target in view!
No target in view!
No target in view!
No target in view!
Are you sure you want to abandon this character and quit the game? (Confirm with "yes".)

, , #.#........ ... *
#.......... ...######
#...####### ........#
#.[[# * ........#
####.[.# * ...%....#
#....#># , ........#
#....#.# ,
......).###....#.# ####
, ......)@.((....#(#
#... ,,
........###...##.####.##
,...##.###
#...##.#...... * #** #.*
#...##.#.#.### # *
#...##.#.#.... *
#...##.#.##### ,*
######.#......
###...#.#######
#..._....รท(....


There were no monsters in sight!

Vanquished Creatures
  A centaur (D:3)
  An orc priest (D:3)
  3 orc wizards (D:3)
  An ooze (D:2)
  A worm (D:3)
  A leopard gecko (D:2)
  7 orcs (D:3)
  2 bats (D:3)
  A giant cockroach (D:3)
  2 goblins
  4 kobolds
  A quokka (D:3)
  2 frilled lizards
27 creatures vanquished.

Notes
Turn   | Place    | Note
-------+----------+-------------------------------------------
     0 | D:1      | Flugslaktarn the Deep Dwarf Fighter began the quest for the
                  | Orb.
     0 | D:1      | Reached XP level 1. HP: 20/20 MP: 1/1
    90 | D:2      | Found a blossoming altar of Fedhas.
   108 | D:2      | Reached XP level 2. HP: 22/27 MP: 2/2
   144 | D:2      | Found a bloodstained altar of Trog.
   187 | D:3      | Reached XP level 3. HP: 30/34 MP: 3/3
   191 | D:3      | Reached XP level 4. HP: 37/42 MP: 4/4
   250 | D:3      | Found a sparkling altar of Nemelex Xobeh.
   250 | D:3      | Found a shadowy altar of Dithmenos.
   307 | D:3      | Reached XP level 5. HP: 31/49 MP: 4/4
   313 | D:4      | Noticed Duvessa
   315 | D:4      | Noticed Dowan
   348 | D:3      | Noticed a centaur
   361 | D:3      | Killed a centaur
   362 | D:3      | Quit the game

Levels and vault maps discovered:
D:1:      eino_arrival_water_cross, layout_rooms, serial_corexii_hall,
          chequers_hall_statues_corner_a, corexii_hall_statues_l,
          chequers_hall_statues_wall_a, kennysheep_nondescript,
          evilmike_ruin_ashenzari
D:2:      layout_basic, fedhas_altar_1, overflow_temple_1_default,
          minmay_gold_behind_fungi
D:3:      layout_basic, grunt_temple_overflow_open, first_ration,
          portal_sewer_entry_a, chequers_ecumenical_altar_simple
D:4:      layout_cave_pools, nicolae_ossuary_entry_monument, uniq_duvessa

Skill      XL: |  1  2  3  4 |
---------------+-------------+-----
Fighting       | 3 |  3.5
Axes           | 3 4 |  4.4
Armour         | 4 |  4.3
Shields        | 4 |  4.3

Action                   |  1- 3 |  4- 6 || total
-------------------------+-------+-------++-------
Melee: War axe           |    49 |    58 ||   107
 Abil: Heal Wounds       |     1 |     9 ||    10
Armor: Scale mail        |    18 |    39 ||    57
Dodge: Dodged            |    12 |    19 ||    31
Block: Kite shield       |    19 |    52 ||    71

Table legend:
 A = Non-vault XP
 B = Vault XP
 C = Vault XP percentage of total XP
 D = Non-vault monster count
 E = Vault monster count
 F = Vault count percentage of total count
                 A         B        C        D         E       F
            +---------+---------+-------+---------+---------+-------
      Total |     320 |       0 |   0.0 |      27 |       0 |   0.0
            +---------+---------+-------+---------+---------+-------
        D:1 |       3 |       0 |   0.0 |       2 |       0 |   0.0
        D:2 |      13 |       0 |   0.0 |       4 |       0 |   0.0
        D:3 |     304 |       0 |   0.0 |      21 |       0 |   0.0
            +---------+---------+-------+---------+---------+-------
